Map: Kairos Junction LE

Players

Neeb - Winner!

  • Race: Protoss Protoss
  • Spawn Location: 5:00

Future

  • Race: Terran Terran
  • Spawn Location: 11:00

Event: 2019 WCS Summer

VOD

Have the link to the VOD?

Description

Time

  • Played on: July 12, 2019, 3:44 p.m.
  • Length: 8:02

All games in this series

Show
View Real Time Build Order
Export as new Build Order

Neeb Protoss - Winner!

Build Orders: 1 Gate Expand 

Get SALT Encoding   

  12  0:00  Probe  
  13  0:12  Probe  
  14  0:16  Pylon  
  14  0:23  Probe  
  15  0:31  Probe  
  16  0:39  Gateway  
  16  0:40  Probe  
  16  0:46  Assimilator  
  17  0:52  Probe  
  18  1:04  Probe  
  19  1:16  Probe  
  20  1:26  Cybernetics Core  
  20  1:32  Nexus  
  20  1:38  Probe  
  21  1:42  Pylon  
  21  1:50  Probe  
  21  1:51  Assimilator  
  21  1:52  Stalker  
  22  2:04  Shield Battery  
  22  2:07  Probe  
  25  2:19  Probe  
  25  2:22  Stalker  
  28  2:31  Probe  
  28  2:37  Robotics Facility  
  29  2:39  Probe  
  29  2:41  Warp Gate  
  30  2:44  Probe  
  30  2:48  Probe  
  31  2:52  Stalker  
  31  2:56  Probe  
  35  2:59  Probe  
  36  3:06  Probe  
  36  3:11  Probe  
  38  3:14  Probe  
  38  3:18  Pylon  
  39  3:22  Stalker  
  39  3:23  Probe x2  
  39  3:24  Observer  
  44  3:35  Probe x2  
  44  3:38  Warp Prism  
  44  3:47  Probe x2  
  43  3:55  Gateway  
  43  3:59  Probe x2  
  45  4:04  Gateway  
  45  4:11  Probe x2, Pylon  
  45  4:15  Observer  
  48  4:23  Probe  
  48  4:24  Probe  
  50  4:30  Sentry  
  52  4:33  Assimilator  
  52  4:34  Assimilator  
  52  4:35  Probe  
  52  4:36  Probe  
  52  4:38  Pylon  
  54  4:47  Probe  
  54  4:48  Probe  
  54  4:50  Pylon  
  54  4:51  Sentry  
  58  4:54  Sentry  
  58  4:56  Forge  
  58  4:58  Sentry  
  58  4:59  Probe  
  63  5:00  Probe  
  64  5:11  Probe  
  64  5:12  Probe  
  64  5:24  Probe x2  
  66  5:31  Robotics Bay  
  66  5:33  Twilight Council  
  66  5:36  Probe  
  66  5:40  Immortal  
  66  5:42  Nexus  
  71  5:43  Charge, Pylon  
  71  5:52  Gateway  
  71  5:55  Gateway  
  71  5:58  Gateway  
  71  6:05  Probe x2  
  72  6:13  Zealot  
  72  6:14  Zealot x2  
  72  6:16  Colossus  
  72  6:17  Probe x2  
  80  6:24  Pylon  
  86  6:26  Pylon  
  86  6:33  Pylon  
  86  6:42  Probe, Zealot  
  86  6:43  Zealot  
  90  6:55  Colossus  
  90  6:56  Zealot x4  
  90  7:00  Shield Battery  
  97  7:02  Shield Battery  
  98  7:18  Zealot x3  
  98  7:22  Zealot x2  
  102  7:40  Zealot x4  
  80  7:59  Zealot x2  
  80  8:00  Zealot x4  
Show
View Real Time Build Order
Export as new Build Order

Future Terran 

Build Orders:  

Get SALT Encoding   

  12  0:00  SCV  
  13  0:13  SCV  
  14  0:17  Supply Depot  
  14  0:25  SCV  
  15  0:29  Refinery  
  15  0:39  SCV  
  16  0:44  Barracks  
  16  0:51  SCV  
  17  1:03  SCV  
  18  1:15  SCV  
  19  1:31  Marine  
  19  1:32  Orbital Command  
  20  1:33  Factory  
  20  1:42  Supply Depot  
  20  1:50  Barracks Reactor  
  20  1:58  SCV  
  21  2:10  SCV  
  21  2:14  Command Center  
  23  2:24  Supply Depot  
  23  2:29  Hellion x2  
  26  2:32  SCV  
  26  2:36  Reaper  
  28  2:44  SCV  
  28  2:51  Hellion x2  
  33  2:56  SCV  
  32  3:03  Refinery  
  32  3:08  Barracks Tech Lab, SCV  
  33  3:20  SCV  
  33  3:23  Barracks  
  33  3:26  Marine  
  35  3:27  Stimpack  
  35  3:31  Factory Reactor  
  35  3:32  SCV  
  35  3:34  Orbital Command  
  32  3:44  SCV  
  32  3:46  Marine  
  29  3:50  Barracks  
  29  3:52  Bunker  
  29  3:56  SCV  
  29  3:59  SCV  
  31  4:03  Marine, Engineering Bay  
  31  4:09  SCV  
  33  4:11  Marine, SCV  
  33  4:14  Factory Tech Lab, Marine  
  36  4:21  SCV  
  36  4:23  SCV  
  36  4:24  Marauder  
  40  4:29  Terran Infantry Weapons Level 1  
  40  4:30  Marine  
  41  4:32  Marine  
  41  4:33  SCV  
  41  4:36  Siege Tank  
  46  4:41  SCV  
  47  4:50  SCV, Starport  
  47  4:52  Marine x2  
  49  4:53  Refinery, SCV  
  49  4:54  Marine  
  49  4:56  Marine  
  53  5:06  Marauder, SCV, Supply Depot  
  55  5:14  Marine x2  
  55  5:15  Marine  
  60  5:26  Siege Tank  
  60  5:27  Marine  
  60  5:28  SCV x2  
  65  5:31  Marine, Starport Reactor  
  65  5:35  Combat Shield  
  65  5:40  SCV x2  
  67  5:43  Supply Depot  
  67  5:44  Marine x2  
  67  5:47  Marine  
  70  5:51  Supply Depot  
  70  5:52  SCV  
  70  5:55  Barracks Reactor  
  66  5:58  Siege Tank  
  66  6:02  SCV  
  70  6:08  SCV  
  70  6:10  Marine x3  
  74  6:17  Supply Depot  
  74  6:18  Medivac  
  76  6:19  Supply Depot  
  76  6:21  SCV x2  
  78  6:27  Marine, Medivac  
  78  6:28  Marine x2  
  83  6:33  Marine x2  
  84  6:44  Siege Tank  
  84  6:45  Marine x2  
  86  6:49  Marauder  
  86  6:51  Marine x2  
  87  7:00  Supply Depot  
  87  7:03  Marine x2  
  87  7:08  Marine  
  87  7:09  Marine  
  85  7:21  Marine x2  
  63  7:22  Medivac x2  
  85  7:26  Bunker  
  78  7:43  Marine  
Tags
 
Add a new tag
Caveats
  • Supply blocks, unpowered buildings, or Contaminate may cause inaccurate times.
  • Supply counts are checked every 10 seconds.